 Dungeon Crawl Stone Soup version 0.31-a0-672-g7da72447bb (webtiles) character file.

Game seed: 8308163352571264999

161 Dordric the Changeling (level 5, 0/28 HPs)
             Began as an Octopode Shapeshifter on Sept 5, 2023.
             Slain by a shadow imp (2 damage)
             ... in a sewer.
             The game lasted 00:01:57 (2031 turns).

Dordric the Changeling (Octopode Shapeshifter)      Turns: 2031, Time: 00:01:58

Health: 0/28       AC:  1    Str: 14    XL:     5   Next: 42%
Magic:  5/5        EV: 13    Int: 12    God:
Gold:   75         SH:  0    Dex: 13    Spells: 4/4 levels left

rFire   . .          .
                       - Unarmed
rCold   . . .        (shield currently unavailable)
rNeg    . . .        (helmet restricted)
rPois   .            (no amulet)
rElec   .            (no ring)
rCorr   .            (no ring)
SInv    .            (no ring)
Will    .....        (no ring)
Stlth   ++           (no ring)
HPRegen 0.24/turn    (no ring)
MPRegen 0.09/turn    (no ring)
                     (no ring)

%: no passive effects
@: flux-form, glowing
A: glow, contaminating, reduced hp, almost no armour, amphibious, 8 rings,
camouflage 1, gelatinous body 1, nimble swimmer 1, tentacles
a: Begin Untransformation


You were in a sewer.
You were something dangerously unstable.
You visited 1 branch of the dungeon, and saw 3 of its levels.
You also visited: Sewer.

You collected 75 gold pieces.

Inventory:

Talismans
 b - a beast talisman
 c - a flux talisman (active)
Scrolls
 d - a scroll of blinking
 f - 2 scrolls of vulnerability
 i - 3 scrolls of teleportation
 l - 2 scrolls of immolation {unknown}
Potions
 a - a potion of lignification
 g - a potion of cancellation {unknown}
 m - 2 potions of enlightenment {unknown}


   Skills:
 - Level 1.0 Fighting
 - Level 2.0 Dodging
 - Level 3.0 Unarmed Combat
 + Level 5.5 Shapeshifting


You had 4 spell levels left.
You didn't know any spells.
Your spell library was empty.

Dungeon Overview and Level Annotations

Branches:
Dungeon (3/15)              Sewer (1/1)

Altars:

Shops:
D:1 (:**


Innate Abilities, Weirdness & Mutations

You are something dangerously unstable.
You glow with magical radiation, making you easy to see and hit.
Foes you strike become dangerously contaminated with magical radiation.
Your maximum health is decreased, since you lack skill for your form.
You are incapable of wielding weapons or throwing items.
You cannot wear most types of armour.
You are amphibious.
You can wear up to eight rings at the same time.
Your skin changes colour to match your surroundings (Stealth+).
Your rubbery body absorbs attacks. (AC +1, EV +1)
You are camouflaged when in or above water. (Stealth+)
You have tentacles for arms and can constrict up to eight enemies at once.


Message History

The shadow imp glows dangerously bright.
Your grab misses the shadow imp. You squeeze the shadow imp.
The shadow imp is almost dead.
The shadow imp gestures at you. Pain shoots through your body!
A shadow imp opens the door.
You tentacle-slap the shadow imp but do no damage.
The shadow imp shudders as magic cascades through it!
You kill the shadow imp!
You barely miss the shadow imp. Your grab misses the shadow imp.
The shadow imp barely misses you. The shadow imp gestures at you.
Pain shoots through your body!
* * * LOW HITPOINT WARNING * * *
You are too injured to fight recklessly!
You are too injured to fight recklessly!
You are too injured to fight recklessly!
You are too injured to fight recklessly!
You are too injured to fight recklessly!
You are too injured to fight recklessly!
You are too injured to fight recklessly!
You are too injured to fight recklessly!
There are monsters nearby!
There are monsters nearby!
You barely miss the shadow imp. You grab the shadow imp.
You constrict the shadow imp. The shadow imp hits you.
* * * LOW HITPOINT WARNING * * *
You tentacle-slap the shadow imp.
The shadow imp begins to glow.
You squeeze the shadow imp.
The shadow imp is heavily wounded.
You constrict the shadow imp. The shadow imp barely misses you.
The shadow imp puffs mist at you.
You tentacle-slap the shadow imp.
The shadow imp glows dangerously bright.
You squeeze the shadow imp.
You kill the shadow imp!
The shadow imp hits you.
* * * LOW HITPOINT WARNING * * *
You closely miss the shadow imp. You grab the shadow imp.
You constrict the shadow imp. The shadow imp hits you.
You die...

#≈≈≈#
≈≈≈≈≈≈#≈~≈#
≈≈≈≈≈#≈≈≈#
~≈~≈#≈≈≈#
.~~#~~≈#
..#~~≈#
######'#~≈≈#
.#.....5#.~≈#
..~~~~~B≈~≈≈#
.#≈≈≈~≈≈#≈≈≈#
############


You could see a shadow imp.

Vanquished Creatures
  An ogre (D:2)
  An adder (D:2)
  2 shadow imps (Sewer)
  3 worms
  A dart slug (D:1)
  5 ball pythons
  2 endoplasms
  2 goblins
  4 hobgoblins
  6 jackals
  6 bats
  2 frilled lizards (D:3)
  6 kobolds
  6 rats
47 creatures vanquished.

Notes
Turn   | Place    | Note
-------+----------+-------------------------------------------
     0 | D:1      | Dordric the Octopode Shapeshifter began the quest for the
                  | Orb.
     0 | D:1      | Reached XP level 1. HP: 13/13 MP: 1/1
   100 | D:1      | Found Xuwi's Antique Weapon Boutique.
   197 | D:1      | Found Afymeot's Assorted Antiques.
   245 | D:1      | Found Ocwukh's Book Emporium.
   249 | D:1      | Reached XP level 2. HP: 14/18 MP: 2/2
   525 | D:1      | Found a faded altar of an unknown god.
   670 | D:1      | Found Tuviokup's Assorted Antiques.
  1147 | D:2      | Reached XP level 3. HP: 16/23 MP: 3/3
  1222 | D:2      | Reached skill level 4 in Shapeshifting
  1562 | D:2      | Noticed an ogre
  1570 | D:2      | Killed an ogre
  1571 | D:2      | Reached skill level 5 in Shapeshifting
  1571 | D:2      | Reached XP level 4. HP: 19/28 MP: 4/4
  1571 | D:2      | Reached XP level 5. HP: 23/33 MP: 5/5
  1954 | D:3      | Found a glowing drain.
  1972 | Sewer    | Entered a sewer
  2031 | Sewer    | Slain by a shadow imp

Illustrated notes

Levels and vault maps discovered:
D:1:      kennysheep_arrival_seaside, layout_loops_ring,
          shapermc_ecumenical_altar_petra, serial_shops, nicolae_shop_peninsula,
          shop, shop, nicolae_shop_statue_plus
D:2:      layout_basic
D:3:      layout_loops_ring, cheibrodos_sewer_entry_drain, serial_glass,
          glass_columns_c, glass_columns_a, due_unseen_surprise,
          minmay_surrounded
Sewer:    kennysheep_sewer_church

Skill      XL: |  1  2  3 |
---------------+----------+-----
Shapeshifting  | 5 |  5.5
Fighting       | |  1.0
Dodging        | |  2.0
Unarmed Combat | |  3.0

Action                     |  1- 3 |  4- 6 || total
---------------------------+-------+-------++-------
  Melee: Unarmed           |    60 |    39 ||    99
         Constrict         |    20 |    15 ||    35
         Tentacles         |    15 |    12 ||    27
    Use: Scroll            |       |     6 ||     6
   Stab: Sleeping          |     5 |       ||     5
 Armour: Skin              |    23 |    12 ||    35
  Dodge: Dodged            |    32 |    19 ||    51
   Form: Flux              |     1 |       ||     1

Table legend: (Time is in decaauts)
 A = Elapsed time spent in this place.
 B = Non-inter-level travel time spent in this place.
 C = Inter-level travel time spent in this place.
 D = Time resting spent in this place.
 E = Time spent auto-exploring this place.
 F = Levels seen in this place.
 G = Mean time per level.
                   A        B        C        D        E       F      G
               +--------+--------+--------+--------+--------+-----+--------+
         Total |   2024 |   1912 |    112 |      0 |   1602 |   4 |  506.0 |
       Dungeon |   1966 |   1854 |    112 |      0 |   1565 |   3 |  655.3 |
         Sewer |     58 |     58 |      0 |      0 |     37 |   1 |   58.0 |
               +--------+--------+--------+--------+--------+-----+--------+

Top non-repeatable levels by time:
     D:2: 953 daAuts
     D:1: 918 daAuts
     D:3: 94 daAuts
   Sewer: 58 daAuts
